AoeStats
← Superisma88

Arena

506048955Analyzed
2v2 RM · 20d ago on Sep 12, 2026· 47m 58s· 4 players
Game mode
Random Map
Map size
Medium (4 player)
Population
200
Speed
Normal
Resources
Standard
Victory
Conquest
Starting age
Dark Age
Ending age
Imperial Age
RankedLock teamsTeams togetherTeam positionsShared explorationLock speedFull tech treeHidden civsTurbo modeCheats
Victory
Defeat
🇳🇿 Burgundians · New Zealand
842
+13
🇵🇬 Italians · Papua New Guinea
768
+17
🇲🇽 Spanish · Mexico
802
-38
🇬🇧 Lithuanians · United Kingdom
751
-14
Superisma88
0:27 Loom
12:50 Feudal Age
14:57 Horse Collar
18:58 Double-Bit Axe
23:18 Forging
22:59 Fletching
26:19 Castle Age
25:44 Scale Mail Armor
27:27 Heavy Plow
27:39 Bow Saw
30:10 Bodkin Arrow
30:51 Iron Casting
30:30 Bloodlines
30:27 Husbandry
31:09 Light Cavalry
36:47 Gold Mining
36:48 Stone Mining
39:10 Wheelbarrow
39:39 Coinage
39:52 Scale Barding Armor
42:56 Imperial Age
41:30 Hand Cart
41:40 Chain Mail Armor
41:46 Chain Barding Armor
40:53 Pikeman
42:59 Squires
42:45 Gambesons
42:45 Arson
43:59 Devotion
43:22 Hussar
44:37 Banking
44:05 Halberdier
45:09 Ballistics
46:39 Chemistry
45:50 Fortified Wall
45:35 Murder Holes
45:51 Masonry
ANUARCHEMO233
7:43 Loom
15:51 Feudal Age
41:58 Castle Age
gravedigger187_
11:00 Feudal Age
9:46 Double-Bit Axe
12:44 Man-at-Arms
17:29 Castle Age
17:37 Cavalier
26:17 Wheelbarrow
28:04 Hand Cart
30:37 Horse Collar
31:10 Bow Saw
30:55 Gold Mining
30:57 Stone Mining
34:44 Imperial Age
32:53 Heavy Plow
33:56 Two-Man Saw
33:35 Gold Shaft Mining
33:36 Stone Shaft Mining
32:49 Town Watch
32:51 Loom
35:05 Ballistics
35:34 Crop Rotation
34:48 Paladin
36:41 Scale Barding Armor
36:46 Forging
37:47 Chemistry
38:02 Town Patrol
38:21 Husbandry
39:02 Fletching
39:13 Padded Archer Armor
39:48 Iron Casting
39:34 Chain Barding Armor
42:24 Leather Archer Armor
42:05 Bodkin Arrow
43:11 Blast Furnace
43:20 Plate Barding Armor
42:55 Burgundian Vineyards
45:22 Bracer
46:43 Hoardings
LyricLearner240
2:46 Loom
11:37 Feudal Age
15:32 Fletching
17:06 Padded Archer Armor
27:01 Arson
28:43 Man-at-Arms
32:18 Castle Age
30:47 Stone Mining
30:40 Horse Collar
30:53 Gold Mining
34:27 Bodkin Arrow
43:06 Bloodlines
48:08 Imperial Age
Connection lost

Rejoining the realm…

Still unreachable

The connection could not be restored.

Session expired

The server has moved on; the page needs a fresh start.